Map: Leerentumult

Players

Lustiwello

  • Race: Terran Terran
  • Spawn Location: 6:00

TomCat

  • Race: Protoss Protoss
  • League: Silver
  • Spawn Location: 9:00

VOD

Have the link to the VOD?

Description

Time

  • Played on: Feb. 14, 2024, 12:51 p.m.
  • Length: 20:23
Show
View Real Time Build Order
Export as new Build Order

Lustiwello Terran 

Build Orders:  

Get SALT Encoding   

  12  0:34  Barracks, SCV  
  13  0:51  SCV  
  14  1:02  Supply Depot  
  14  1:08  SCV  
  15  1:14  Refinery  
  15  1:32  SCV  
  15  1:38  Supply Depot  
  16  2:01  SCV  
  16  2:02  Refinery  
  18  2:31  Orbital Command  
  17  2:53  Factory  
  17  2:56  Barracks Tech Lab  
  17  3:10  SCV  
  18  3:27  SCV  
  19  3:44  SCV  
  20  4:01  SCV  
  20  4:04  Concussive Shells  
  21  4:14  Unknown  
  21  4:16  Starport  
  21  4:18  SCV  
  22  4:32  Armory  
  22  6:42  Factory Tech Lab  
  22  6:49  Starport Tech Lab  
  22  7:09  SCV  
  23  7:25  Viking  
  23  7:26  SCV  
  26  7:43  SCV  
  27  8:00  SCV  
  28  8:17  SCV  
  29  8:35  Supply Depot  
  29  8:36  Supply Depot  
  29  8:37  Supply Depot x2  
  29  8:41  Supply Depot x2  
  29  8:43  Supply Depot  
  29  9:02  Viking  
  31  9:17  Engineering Bay  
  31  10:18  Banshee  
  34  10:36  Starport  
  34  10:37  Starport  
  34  10:40  Starport  
  34  10:41  Starport  
  34  10:42  Starport  
  34  10:43  Starport  
  34  10:48  Banshee  
  37  11:18  Banshee  
  40  11:48  Banshee  
  43  12:18  Banshee  
  49  13:33  Starport Tech Lab  
  49  13:34  Starport Tech Lab x3  
  46  13:44  Starport Tech Lab  
  46  13:47  Starport Tech Lab  
  46  14:12  Cloaking Field  
  46  14:14  Banshee x6  
  46  14:15  Banshee  
  67  14:44  Viking x2, Banshee x4  
  83  15:49  Command Center  
  83  16:54  Supply Depot x2  
  83  16:55  Supply Depot  
  83  16:56  Supply Depot  
  83  16:57  Supply Depot  
  83  16:59  Supply Depot x2  
  83  17:01  Supply Depot  
  83  17:03  Supply Depot  
  83  17:20  Phobos Weapons System  
  83  17:32  Refinery  
  83  17:36  SCV  
  84  17:53  SCV x2  
  86  18:08  Refinery  
  86  18:10  SCV x2  
  86  18:13  Banshee x7  
  109  18:27  SCV x2  
  111  18:42  Banshee  
  111  18:44  SCV x2  
  116  19:01  SCV  
Show
View Real Time Build Order
Export as new Build Order

TomCat Protoss 

Build Orders:  

Get SALT Encoding   

  12  0:02  Probe (Chrono Boost)  
  13  0:16  Probe (Chrono Boost)  
  14  0:26  Pylon  
  14  0:45  Probe (Chrono Boost)  
  15  0:59  Probe (Chrono Boost)  
  16  1:02  Forge  
  16  1:13  Probe (Chrono Boost)  
  17  1:28  Probe (Chrono Boost)  
  18  1:42  Probe (Chrono Boost)  
  19  1:50  Assimilator  
  19  1:56  Probe (Chrono Boost)  
  20  2:10  Probe (Chrono Boost)  
  21  2:24  Probe (Chrono Boost)  
  22  2:33  Pylon  
  22  2:38  Pylon  
  22  2:43  Pylon  
  22  3:58  Gateway  
  22  3:59  Gateway x2  
  22  4:00  Gateway  
  22  4:03  Gateway  
  22  4:04  Gateway  
  22  4:07  Gateway  
  22  4:10  Probe (Chrono Boost)  
  22  4:11  Gateway  
  23  4:24  Probe (Chrono Boost)  
  24  4:36  Assimilator  
  24  4:38  Probe (Chrono Boost)  
  25  5:11  Probe (Chrono Boost)  
  26  5:23  Cybernetics Core  
  26  5:25  Probe (Chrono Boost)  
  27  5:39  Probe (Chrono Boost)  
  28  6:29  Warp Gate  
  28  6:40  Forge  
  28  6:42  Forge  
  28  6:45  Death Council  
  28  6:50  Death Council  
  28  7:43  Blood Shields  
  28  7:46  Phase Blink  
  28  7:57  Supplicant x2  
  28  7:58  Supplicant x6  
  44  8:13  Pylon  
  44  8:14  Pylon  
  44  8:15  Pylon  
  44  8:16  Pylon  
  44  8:18  Pylon  
  44  8:20  Pylon  
  44  8:43  Soul Augmentation  
  44  8:44  Supplicant x6  
  44  8:45  Phasing Armor  
  56  9:51  Mothership  
  56  10:27  Slayer x4  
  56  10:28  Slayer  
  56  10:30  Supplicant x2  
  70  10:32  Slayer  
  70  10:33  Slayer  
  46  12:10  Slayer  
  46  12:11  Slayer x3  
  46  12:13  Supplicant x2  
  46  12:14  Supplicant x4  
  46  12:16  Slayer  
  50  13:18  Slayer x3  
  50  13:19  Slayer x2  
  60  13:22  Supplicant x6  
  72  14:15  Nexus  
  72  14:17  Pylon  
  72  14:20  Pylon  
  68  14:54  Supplicant x4  
  68  14:55  Supplicant x4  
  70  16:54  Mothership  
  64  17:48  Slayer x4  
  64  17:49  Slayer  
  74  17:50  Supplicant x6  
  86  18:07  Probe (Chrono Boost)  
  87  18:20  Probe (Chrono Boost)  
  88  18:34  Probe (Chrono Boost)  
  89  18:48  Probe (Chrono Boost)  
  90  19:02  Probe (Chrono Boost)  
  90  19:08  Supplicant x2  
  90  19:09  Supplicant x6  
  107  19:11  Supplicant x2  
  107  19:12  Slayer  
  107  19:13  Slayer x2  
Tags
 
Commander
AlarakRaynor
League
Silver
Matchup
Co-op
Add a new tag
Caveats
  • Supply blocks, unpowered buildings, or Contaminate may cause inaccurate times.
  • Supply counts are checked every 10 seconds.